 Dungeon Crawl Stone Soup version 0.30-a0-1123-gabc949cf19 (webtiles) character file.

Game seed: 13943459928183450273

2850075 mandoloar the Acrobat (level 27, 264/266 HPs)
             Began as an Octopode Transmuter on Apr 22, 2023.
             Was an Elder of Cheibriados.
             Escaped with the Orb
             ... and 5 runes on Apr 23, 2023!
             The game lasted 04:43:46 (80846 turns).

mandoloar the Acrobat (Octopode Transmuter)        Turns: 80846, Time: 04:43:47

Health: 264/266    AC: 40    Str: 36    XL:     27
Magic:  49/49      EV: 38    Int: 50    God:    Cheibriados [****..]
Gold:   4042       SH: 17    Dex: 26    Spells: 18/61 levels left

rFire   + +          +
                       - Unarmed
rCold   + + .        b - +2 shield of Resistance {rF++ rC++ Will++}
rNeg    + . .        q - +3 hat of Tablid {Harm}
rPois   ∞            C - amulet of Lunyghoint {RegenMP rF+ Str+5 Dex+4}
rElec   +            o - +6 ring of intelligence
rCorr   +            j - ring of see invisible
SInv    +            n - +6 ring of strength
Will    ++++.        H - +5 ring of evasion
Stlth   +++          g - ring of resist corrosion
HPRegen 0.64/turn    U - +4 ring of protection
MPRegen 0.71/turn    w - ring of Dishonour {rElec MP+9}
                     m - +6 ring of strength

%: harm (+30% outgoing, +20% incoming)
@: statue-form (expiring), wereblooded, studying Long Blades, very slow
A: slow and powerful, torment resistance 1, boosted hp, almost no armour,
amphibious, 8 rings, camouflage 1, (gelatinous body 1), (nimble swimmer 1),
tentacles, antennae 1, clever 2, low MP 1, inability to read after injury 1,
MP-powered wands
0: Orb of Zot
}: 5/15 runes: decaying, serpentine, slimy, silver, abyssal
a: End Transformation, Renounce Religion, Bend Time, Temporal Distortion, Slouch


You escaped.
You worshipped Cheibriados.
Cheibriados was greatly pleased with you.
You were a living statue of rough stone.
You visited 11 branches of the dungeon, and saw 53 of its levels.
You visited the Abyss 2 times.
You also visited: Ossuary, Bailey and Desolation.

You collected 7972 gold pieces.
You spent 3930 gold pieces at shops.

Inventory:

Missiles
 f - 8 silver javelins
 l - 9 silver boomerangs
 E - 6 boomerangs
Armour
 b - the +2 shield of Resistance (worn) {rF++ rC++ Will++}
   (You bought it in a shop on level 2 of the Orcish Mines)

   rF:        It greatly protects you from fire.
   rC:        It greatly protects you from cold.
   Will:      It greatly increases your willpower.
 q - the +3 hat of Tablid (worn) {Harm}
   (You bought it in a shop on level 2 of the Orcish Mines)

   Harm:      It increases damage dealt and taken.
Jewellery
 g - a ring of resist corrosion (on tentacle)
 j - a ring of see invisible (right tentacle)
 m - a +6 ring of strength (on tentacle)
 n - a +6 ring of strength (on tentacle)
 o - a +6 ring of intelligence (left tentacle)
 w - the ring of Dishonour (on tentacle) {rElec MP+9}
   (You took it off a tengu reaver on level 5 of the Vaults)

   [ring of magical power]

   rElec:     It insulates you from electricity.
   MP:        It affects your magic capacity (+9).
 y - a ring of flight
 C - the amulet of Lunyghoint (around mantle) {RegenMP rF+ Str+5 Dex+4}
   (You found it in the Desolation of Salt)

   [amulet of magic regeneration]

   It increases your rate of magic regeneration.
   Str:       It affects your strength (+5).
   Dex:       It affects your dexterity (+4).
   rF:        It protects you from fire.
 F - a +6 ring of strength
 H - a +5 ring of evasion (on tentacle)
 J - an amulet of magic regeneration
 U - a +4 ring of protection (on tentacle)
Wands
 a - a wand of digging (27)
 B - a wand of charming (7)
 S - a wand of polymorph (5)
Scrolls
 c - 8 scrolls of enchant armour
 i - 50 scrolls of identify
 k - 3 scrolls of silence
 p - 23 scrolls of teleportation
 r - 3 scrolls of butterflies
 s - 9 scrolls of fear
 t - 8 scrolls of enchant weapon
 v - 2 scrolls of brand weapon
 A - 14 scrolls of amnesia
 D - 8 scrolls of magic mapping
 K - 5 scrolls of poison
 N - 7 scrolls of immolation
 P - 4 scrolls of vulnerability
 V - 4 scrolls of blinking
 Z - 7 scrolls of fog
Potions
 d - 9 potions of magic
 e - 10 potions of might
 h - 7 potions of lignification
 u - 26 potions of curing
 x - 13 potions of brilliance
 z - 12 potions of flight
 G - 7 potions of haste
 I - 3 potions of ambrosia
 L - 9 potions of attraction
 M - 2 potions of resistance
 O - 3 potions of invisibility
 Q - 5 potions of heal wounds
 R - 3 potions of cancellation
 T - a potion of berserk rage
 X - a potion of mutation


   Skills:
 + Level 21.1 Fighting
 - Level 4.5 Ranged Weapons
 + Level 21.8 Dodging
 - Level 14.0 Stealth
 - Level 14.0 Shields
 + Level 19.9 Unarmed Combat
 + Level 17.9 Spellcasting
 - Level 2.0 Conjurations
 - Level 5.0 Necromancy
 - Level 7.0 Translocations
 + Level 19.3 Transmutations
 - Level 8.0 Ice Magic
 - Level 8.0 Air Magic
 - Level 8.0 Earth Magic
 - Level 16.0 Invocations


You had 18 spell levels left.
You knew the following spells:

 Your Spells              Type           Power      Damage    Failure   Level
a - Dragon Form           Tmut           63%        N/A       1%          7
b - Wereblood             Tmut           100%       N/A       0%          2
c - Ice Form              Ice/Tmut       100%       N/A       1%          4
d - Irradiate             Conj/Tmut      50%        3d28      1%          5
e - Storm Form            Tmut/Air       55%        N/A       2%          7
f - Statue Form           Tmut/Erth      73%        N/A       1%          6
g - Manifold Assault      Tloc           86%        N/A       1%          4
h - Necromutation         Tmut/Necr      52%        N/A       32%         8

Your spell library contained the following spells:

 Spells                   Type           Power      Damage    Failure   Level
 Beastly Appendage        Tmut           100%       N/A       0%          1
 Sting                    Tmut/Pois      100%       1d8       0%          1
 Passwall                 Tmut/Erth      91%        N/A       0%          2
 Blade Hands              Tmut           63%        N/A       0%          5
 Apportation              Tloc           100%       N/A       1%          1
 Kiss of Death            Conj/Necr      100%       2d13      1%          1
 Magic Dart               Conj           100%       1d8       1%          1
 Necrotise                Necr           100%       1d9       1%          1
 Sandblast                Erth           100%       2d20      1%          1
 Slow                     Hex            100%       N/A       1%          1
 Summon Small Mammal      Summ           100%       N/A       1%          1
 Blink                    Tloc           100%       N/A       1%          2
 Call Imp                 Summ           88%        N/A       1%          2
 Ensorcelled Hibernation  Hex/Ice        100%       N/A       1%          2
 Lesser Beckoning         Tloc           100%       N/A       1%          2
 Momentum Strike          Conj/Tloc      100%       3d10      1%          2
 Poisonous Vapours        Pois/Air       100%       N/A       1%          2
 Scorch                   Fire           88%        2d8       1%          2
 Searing Ray              Conj           100%       2d8       1%          2
 Static Discharge         Conj/Air       100%       2-7/arc   1%          2
 Sublimation of Blood     Necr           76%        N/A       1%          2
 Dazzling Flash           Conj/Hex       100%       N/A       1%          3
 Frozen Ramparts          Ice            100%       1d16      1%          3
 Hailstorm                Conj/Ice       76%        3d16      1%          3
 Ignite Poison            Fire/Tmut/Pois 83%        N/A       1%          3
 Mephitic Cloud           Conj/Pois/Air  67%        N/A       1%          3
 Ozocubu's Armour         Ice            90%        N/A       1%          3
 Portal Projectile        Hex/Tloc       100%       N/A       1%          3
 Spider Form              Tmut/Pois      96%        N/A       1%          3
 Stone Arrow              Conj/Erth      100%       3d13      1%          3
 Swiftness                Air            90%        N/A       1%          3
 Vampiric Draining        Necr           76%        2d11      1%          3
 Volatile Blastmotes      Fire/Tloc      100%       2d18      1%          3
 Airstrike                Air            45%        2d(7-23)  1%          4
 Animate Dead             Necr           76%        N/A       1%          4
 Iskenderun's Mystic Bla  Conj/Tloc      74%        2d15      1%          4
 Leda's Liquefaction      Hex/Erth       35%        N/A       1%          4
 Passage of Golubria      Tloc           86%        N/A       1%          4
 Petrify                  Tmut/Erth      100%       N/A       1%          4
 Summon Ice Beast         Ice/Summ       71%        N/A       1%          4
 Summon Lightning Spire   Summ/Air       71%        N/A       1%          4
 Borgnjor's Vile Clutch   Necr/Erth      41%        N/A       1%          5
 Freezing Cloud           Conj/Ice/Air   40%        6-21      1%          5
 Lee's Rapid Deconstruct  Erth           45%        3d22*     1%          5
 Yara's Violent Unravell  Hex/Tmut       48%        3d19      1%          5
 Call Canine Familiar     Summ           44%        N/A       2%          3
 Confusing Touch          Hex            44%        N/A       2%          3
 Inner Flame              Hex/Fire       44%        N/A       2%          3
 Summon Guardian Golem    Hex/Summ       44%        N/A       2%          3
 Tukima's Dance           Hex            44%        N/A       2%          3
 Agony                    Necr           76%        N/A       2%          5
 Flame Wave               Conj/Fire      53%        2d13      4%          4
 Fulminant Prism          Conj/Hex       26%        3d14      4%          4
 Sticky Flame             Conj/Fire      53%        2d7       4%          4
 Silence                  Hex/Air        35%        N/A       4%          5
 Summon Forest            Summ/Tloc      34%        N/A       4%          5
 Dispersal                Tloc           43%        N/A       6%          6
 Cause Fear               Hex            22%        N/A       8%          4
 Olgreb's Toxic Radiance  Pois           44%        N/A       8%          4
 Simulacrum               Ice/Necr       41%        N/A       8%          6
 Summon Mana Viper        Hex/Summ       44%        N/A       21%         5
 Ozocubu's Refrigeration  Ice            45%        4d17      24%         7
 Summon Cactus Giant      Summ           22%        N/A       75%         6
 Malign Gateway           Summ/Tloc      34%        N/A       83%         7
 Disjunction              Tloc           43%        N/A       95%         8
 Monstrous Menagerie      Summ           22%        N/A       99%         7
 Spellforged Servitor     Conj/Summ      26%        N/A       99%         7
 Summon Hydra             Summ           22%        N/A       99%         7
 Borgnjor's Revivificati  Necr           38%        N/A       99%         8
 Infestation              Necr           38%        N/A       99%         8
 Lehudib's Crystal Spear  Conj/Erth      38%        10d9      99%         8
 Discord                  Hex            22%        N/A       100%        8
 Ignition                 Fire           22%        3d8       100%        8
 Summon Horrible Things   Summ           22%        N/A       100%        8
 Chain Lightning          Conj/Air       38%        3d50      100%        9
 Death's Door             Necr           38%        N/A       100%        9
 Dragon's Call            Summ           22%        N/A       100%        9
 Fire Storm               Conj/Fire      26%        8d7       100%        9
 Polar Vortex             Ice            45%        N/A       100%        9
 Shatter                  Erth           45%        3d35*     100%        9
 Animate Armour           Summ/Erth      Unusable   N/A       N/A         4

Dungeon Overview and Level Annotations

Branches:
Dungeon (15/15)            Temple (1/1) D:4            Lair (5/5) D:11
  Swamp (4/4) Lair:3        Snake (4/4) Lair:3        Slime (5/5) Lair:5
    Orc (2/2) D:10            Elf (3/3) Orc:2        Vaults (5/5) D:13
  Crypt (0/3) Vaults:3     Depths (4/4) D:15            Zot (5/5) Depths:4
Ossuary (visited)          Bailey (visited)         Desolation (visited)

Altars:
Ashenzari
Cheibriados
Dithmenos
Elyvilon
Fedhas
Gozag
Hepliaklqana
Kikubaaqudgha
Makhleb
Nemelex Xobeh
Okawaru
Qazlal
Ru
Sif Muna
Trog
Uskayaw
Vehumet
Wu Jian
Xom
Yredelemnul
Zin
The Shining One
Jiyva

Shops:
D:2 (   Orc:2 [[*[[   Elf:1 =   Elf:3 ?:[?   Snake:2 ![[   Snake:3 *
Vaults:1 (   Depths:3 ((

Portals:
Hell: Depths:1 Depths:2 Depths:3 Depths:4
Abyss: Depths:3
Pandemonium: Depths:2
Ziggurat: Depths:2


Innate Abilities, Weirdness & Mutations

You are a living statue of rough stone.
Your actions are slow, but your melee attacks are powerful.
You are resistant to unholy torment.
Your maximum health is greatly increased.
You are immune to poison.
You cannot wear most types of armour.
You are amphibious.
You can wear up to eight rings at the same time.
Your skin changes colour to match your surroundings (Stealth+).
((Your rubbery body absorbs attacks. (AC +1, EV +1)))
((You are camouflaged when in or above water. (Stealth+)))
You have tentacles for arms and can constrict up to eight enemies at once.
You have a pair of small antennae on your head.
Your mind is very acute. (Int +8, Str/Dex -2)
Your magical capacity is low. (-10% MP)
You occasionally lose the ability to read scrolls when taking damage.
You expend magic power (3 MP) to strengthen your wands.


Message History

You thrash the ancient lich!!! You grab the ancient lich.
You tentacle-slap the ancient lich!
The ancient lich is severely damaged.
You constrict the ancient lich, but do no damage.
You block the ancient lich's attack.
The ancient lich touches you but does no damage.
You tentacle-slap the ancient lich but do no damage.
You tentacle-slap the ancient lich!!
You squeeze the ancient lich, but do no damage.
The ancient lich is almost destroyed.
You constrict the ancient lich.
You destroy the ancient lich!
Cheibriados thoroughly appreciates the change of pace.
The sixfirhy misses you. You block the sixfirhy's attack.
You thrash the sixfirhy!!!!
You kill the sixfirhy!
Cheibriados thoroughly appreciates the change of pace.
Casting: Statue Form (mildly dangerous; 1% risk of failure)
Confirm with . or Enter, or press ? or * to list all spells.
Your blood is infused with primal strength.
You block the ufetubus's attack. The ufetubus barely misses you.
The ufetubus completely misses you. x2
You thrash the ynoxinul!!!
You feel a bit better.
You kill the ynoxinul!
Cheibriados thoroughly appreciates the change of pace.
The ufetubus disappears in a puff of smoke!
You howl as the wereblood boils in your veins!
Aiming: Dig
Press: ? - help, Shift-Dir - straight line A rock wall.
This square is covered in magical glow.
You feel a surge of power!
The rock shatters into small pieces.
You howl as the wereblood boils in your veins!
You howl as the wereblood boils in your veins!
You howl as the wereblood boils in your veins!
You howl as the wereblood boils in your veins!
Your transformation is almost over.
There is a staircase leading out of the dungeon here.
You howl as the wereblood boils in your veins!
You have escaped!

#......⌠.......⌠......##.#
##........^..........###.#
##..⌠...⌠...⌠...⌠..## #.#
##...............## #.#
##.⌠....⌠....⌠.## #.#
##...........## #.#
##..⌠...⌠..## #.#
##.......## #.# ##..8..##
#.# ##.>.## #.# ##### #.#
#.### #....
#######################
#....
......#)......#.......#
#....
#####.#.#####.#.#####.#
##..[.
#...#.#†#...#.#.#...#.#
#..#.#


There were no monsters in sight!

Vanquished Creatures
  the Royal Jelly (Slime:5)
  11 orbs of fire
  An ancient lich (D:1)
  2 dread liches (Zot:5)
  A juggernaut (Depths:3)
  2 pandemonium lords
  4 Killer Klowns
  the Lernaean hydra (Swamp:4)
  Xtahua (Vaults:2)
  Vashnia (Snake:4)
  2 curse toes
  Nikola (Vaults:2)
  10 golden dragons
  A bone dragon (Depths:4)
  3 electric golems (Zot:5)
  31 tentacled monstrosities
  A lich (Vaults:5)
  2 Ice Fiends
  Rupert (Orc:2)
  27 Orb Guardians
  3 deep elf blademasters
  37 acid blobs
  A walking frostbound tome (Depths:3)
  6 titans
  2 deep elf master archers (Elf:3)
  4 tentacled starspawn (Abyss:3)
  9 quicksilver dragons
  10 death cobs
  5 sphinxes
  2 Executioners
  Agnes (Elf:1)
  14 storm dragons
  8 tengu reavers
  The ghost of Nohucul the Severer, an adept MiBe of Trog (Snake:3)
  The ghost of Woigomae the Fighter, an adept OpVM of Vehumet (Snake:4)
  10 shadow dragons
  A fenstrider witch (Swamp:2)
  A thorn hunter (Abyss:3)
  Roxanne (Snake:4)
  26 rockslimes
  3 draconian monks
  2 draconian knights (Zot:3)
  11 fire giants
  Kirke (Lair:4)
  23 azure jellies
  4 frost giants
  2 nagarajas (Snake:2)
  7 deep elf sorcerers
  17 vault wardens
  Aizul (Snake:3)
  5 imperial myrmidons (Desolation)
  6 draconian scorchers
  A balrug (D:9)
  9 draconian stormcallers
  2 ghost moths
  7 deep elf elementalists (Elf:3)
  2 orc warlords
  An angel (Abyss:3)
  6 draconian shifters
  2 war gargoyles
  A cacodemon (Abyss:3)
  20 very ugly things
  13 ironbound preservers
  3 draconian annihilators
  Louise (Snake:4)
  24 quicksilver oozes
  19 stone giants
  2 spriggan defenders (Depths:3)
  6 ironbound thunderhulks
  4 eleionomae
  3 vampire knights
  10 deep elf demonologists
  The ghost of Twinkles the Destroyer, a journeyman DgCj (D:14)
  12 green draconians
  14 black draconians
  16 yellow draconians
  10 deep elf annihilators
  10 white draconians
  8 dire elephants
  A halazid warlock (Desolation)
  11 purple draconians
  8 red draconians
  Nessos (Lair:5)
  4 bunyips
  8 spark wasps
  5 crystal guardians
  A blizzard demon (Depths:2)
  9 ettins
  Snorg (D:12)
  5 deep elf death magi (Elf:3)
  8 fire dragons
  3 entropy weavers
  2 shambling mangroves (Swamp:4)
  2 merfolk javelineers
  Fannar (D:12)
  11 ice dragons
  2 merfolk impalers (Depths:3)
  18 yaktaur captains
  9 ragged hierophants (Desolation)
  6 servants of whispers (Desolation)
  4 deep elf high priests
  9 great orbs of eyes
  2 rakshasas
  Erolcha (D:12)
  35 vault guards
  11 peacekeepers
  4 spriggan air magi
  18 hydras
  3 ghost crabs
  A catoblepas (shapeshifter) (Vaults:5)
  5 salamander tyrants
  10 ironbound frosthearts
  A spectral stone giant (D:14)
  7 centaur warriors
  7 boulder beetles
  7 alligators
  7 two-headed ogres
  Erica (D:8)
  A satyr (Abyss:3)
  11 anacondas
  5 catoblepae
  31 dancing weapons
  14 death yaks
  7 tengu warriors
  3 hell hogs (Zot:5)
  6 naga warriors
  5 deep troll earth magi
  3 spriggan berserkers (Depths:1)
  9 deep troll shamans
  4 orc high priests (Orc:2)
  3 thrashing horrors (Abyss:3)
  25 naga sharpshooters
  4 sun demons
  7 shock serpents
  A fire crab (D:10)
  A shadow wraith (Vaults:5)
  13 deep elf knights
  3 wretched stars (Abyss:3)
  A hell knight (Depths:2)
  3 salamander mystics
  A death drake (Swamp:4)
  3 skeletal warriors (D:14)
  6 goliath frogs
  7 iron trolls
  3 sixfirhies
  2 glowing orange brains
  2 spriggan druids
  A spark wasp zombie (D:14)
  16 swamp dragons
  3 sea snakes (Snake:3)
  A shadow demon (Zot:4)
  12 lindwurms
  9 deep elf archers
  A flayed ghost (Depths:3)
  9 bog bodies (Swamp:4)
  46 deep trolls
  11 wizards
  An obsidian statue (Zot:5)
  2 necromancers (D:13)
  An orange crystal statue (Zot:3)
  9 naga ritualists
  20 deep elf pyromancers
  2 phantasmal warriors (Vaults:5)
  23 ironbound convokers
  17 mana vipers
  20 deep elf zephyrmancers
  9 orc knights
  42 ugly things
  A mana viper (shapeshifter) (D:14)
  6 orc sorcerers
  6 cyclopes
  10 salamanders
  3 will-o-the-wisps
  2 manticores
  2 fire giant zombies (D:14)
  27 moths of wrath
  11 shining eyes
  A worldbinder (Abyss:3)
  13 guardian serpents
  An apocalypse crab (Abyss:3)
  A moth of wrath (shapeshifter) (Vaults:5)
  47 black mambas
  9 naga magi
  7 elephants (Lair:5)
  21 vault sentinels
  An eye of devastation (Slime:4)
  A storm dragon simulacrum (D:15)
  2 smoke demons (Abyss:3)
  2 gargoyles
  2 orange demons
  A torpor snail (Lair:4)
  4 rime drakes
  A demonic crawler (Zot:5)
  5 cane toads
  3 unseen horrors
  A freezing wraith (Vaults:5)
  A yaktaur (shapeshifter) (Vaults:5)
  Maggie (D:9)
  3 efreet
  5 komodo dragons
  2 tengu conjurers
  39 yaktaurs
  4 ancient zymes (Abyss:3)
  The ghost of Lexicon the Trooper, an amateur HOFi (D:4)
  A bloated husk (Swamp:2)
  13 trolls
  A meliai (D:10)
  A hellwing (Depths:2)
  3 polar bears
  7 tyrant leeches
  12 hornets
  17 blink frogs
  61 saltlings (Desolation)
  2 tarantellas (shapeshifter)
  2 dream sheep (D:7)
  A dream sheep (shapeshifter) (Depths:3)
  An iron dragon simulacrum (D:14)
  An air elemental (Elf:1)
  8 spriggans
  A frost giant simulacrum (D:14)
  A jumping spider (shapeshifter) (D:15)
  A vampire (D:10)
  2 stone giant simulacra (D:14)
  A culicivora (Vaults:2)
  A centaur simulacrum (D:15)
  110 slime creatures
  Sigmund (D:5)
  7 wraiths
  8 wyverns
  51 yaks
  6 shadows
  7 water elementals
  2 ynoxinuls
  2 fire bats (Abyss:3)
  21 starcursed masses (Abyss:3)
  5 fire elementals
  5 hogs (Lair:4)
  6 basilisks
  7 golden eyes
  10 large abominations
  10 vampire mosquitoes
  2 chaos spawn
  2 neqoxecs
  2 redbacks (Vaults:2)
  Grum (D:8)
  21 swamp worms
  3 wargs
  31 nagas
  2 acid dragons
  12 water moccasins
  3 floating eyes
  A sky beast (D:6)
  42 orc warriors
  A spriggan simulacrum (D:14)
  9 swamp drakes
  3 black bears
  4 ice beasts
  A boggart (shapeshifter) (Vaults:5)
  7 ogres
  15 wolves
  9 boggarts
  3 small abominations (Abyss:3)
  26 centaurs
  2 phantoms
  3 kobold brigands (D:10)
  An elf zombie (Ossuary)
  13 bullfrogs
  4 gnoll sergeants
  2 scorpions
  4 earth elementals
  23 killer bees
  A howler monkey (D:10)
  3 electric eels
  4 centaur zombies (Ossuary)
  A lava snake (D:12)
  3 hounds
  3 jellies
  30 orc priests
  2 gnoll boudas
  4 iguanas
  Ijyb (D:4)
  40 orc wizards
  2 mummies (Ossuary)
  Robin (D:4)
  15 gnolls
  10 adders
  2 white imps
  A dart slug (D:1)
  2 worms
  80 orcs
  4 endoplasms
  3 giant cockroaches
  26 goblins
  7 hobgoblins
  3 quokkas
  9 ball pythons
  5 bats
  A frilled lizard (D:1)
  A goblin zombie (Ossuary)
  9 hobgoblin zombies (Ossuary)
  3 jackal zombies (Ossuary)
  20 kobolds
  9 kobold zombies (Ossuary)
  10 orc zombies (Ossuary)
  6 rats
  A lurking horror (Abyss:3)
  A spectral weapon (Zot:3)
  2 starspawn tentacles (Abyss:3)
2444 creatures vanquished.

Vanquished Creatures (others)
  A draconian stormcaller (Depths:4)
  A hornet (Swamp:4)
  A bloated husk (Swamp:1)
  A spriggan (Swamp:4)
  4 ball lightnings (Elf:1)
  13 foxfires
  46 fungi
  84 plants
  7 starspawn tentacles (Abyss:3)
  11 toadstools (Lair:4)
169 creatures vanquished.

Grand Total: 2613 creatures vanquished

Notes
Turn   | Place    | Note
-------+----------+-------------------------------------------
     0 | D:1      | mandoloar the Octopode Transmuter began the quest for the
                  | Orb.
     0 | D:1      | Reached XP level 1. HP: 13/13 MP: 3/3
   225 | D:1      | Reached XP level 2. HP: 15/18 MP: 3/5
   261 | D:1      | Reached skill level 1 in Stealth
   560 | D:1      | Learned a level 2 spell: Wereblood
   829 | D:1      | Reached XP level 3. HP: 21/23 MP: 3/6
  1346 | D:2      | Found Bosovoba's Antique Weapon Emporium.
  1442 | D:2      | Reached XP level 4. HP: 25/29 MP: 3/7
  1896 | D:3      | Found a faded altar of an unknown god.
  1984 | D:3      | Found a hazy altar of Hepliaklqana.
  2305 | D:3      | Identified the +10 hand axe of Conflict {freeze, rC+ Str+7
                  | Int+2}
  2926 | D:3      | Found an ornate altar of the Wu Jian Council.
  3014 | D:3      | Reached XP level 5. HP: 24/34 MP: 4/8
  3768 | D:4      | Found a runed translucent door.
  3930 | D:4      | Found a staircase to the Ecumenical Temple.
  4094 | D:3      | Reached XP level 6. HP: 6/41 MP: 4/9
  4398 | D:4      | Noticed Ijyb
  4428 | D:4      | Found a runed translucent door.
  4431 | D:4      | Found the +6 lightning scales {swift, rElec}
  4432 | D:4      | Noticed Lexicon's ghost (amateur HOFi)
  4648 | D:4      | Killed Ijyb
  4865 | D:4      | Found a broken altar of Ashenzari.
  5145 | D:4      | Noticed Robin
  5273 | D:4      | Killed Robin
  5306 | D:4      | Noticed an orc warrior
  5382 | D:4      | Killed an orc warrior
  5383 | D:4      | Reached skill level 5 in Stealth
  5383 | D:4      | Reached XP level 7. HP: 33/46 MP: 8/10
  5455 | D:4      | Found a bloodstained altar of Trog.
  5553 | Temple   | Entered the Ecumenical Temple
  5616 | D:5      | Entered Level 5 of the Dungeon
  6099 | D:5      | Reached skill level 5 in Unarmed Combat
  6599 | D:5      | Reached skill level 5 in Dodging
  6599 | D:5      | Reached XP level 8. HP: 38/54 MP: 8/11
  6799 | D:5      | Noticed Sigmund
  7393 | D:5      | Found a snail-covered altar of Cheibriados.
  7421 | D:5      | Became a worshipper of Cheibriados the Contemplative
  7488 | D:5      | Killed Sigmund
  7769 | D:6      | Reached skill level 5 in Fighting
  7804 | D:6      | Found a burning altar of Makhleb.
  7940 | D:6      | Found a sand-covered staircase.
  7945 | Ossuary  | Entered an ossuary
  8155 | Ossuary  | Reached * piety under Cheibriados
  8165 | Ossuary  | Reached XP level 9. HP: 54/61 MP: 11/13
  8385 | D:6      | Found a basalt altar of Yredelemnul.
  8391 | D:6      | Learned a level 4 spell: Ice Form
  8705 | D:6      | Reached skill level 1 in Ice Magic
  9273 | D:6      | Found a shimmering blue altar of Sif Muna.
  9368 | D:6      | Reached ** piety under Cheibriados
  9596 | D:7      | Found a flagged portal.
  9608 | Bailey   | Entered a bailey
  9976 | Bailey   | Reached *** piety under Cheibriados
 10385 | D:7      | Reached XP level 10. HP: 36/69 MP: 13/16
 10513 | D:7      | Identified the +11 trident "Hell-Harrower" {elec, rCorr}
 10784 | D:7      | Reached skill level 5 in Transmutations
 11081 | D:7      | Found a blossoming altar of Fedhas.
 11155 | D:7      | Found an opulent altar of Gozag.
 11416 | D:7      | Found an iron altar of Okawaru.
 11789 | D:7      | Found a shadowy altar of Dithmenos.
 12167 | D:8      | Noticed Erica
 12183 | D:8      | Killed Erica
 12184 | D:8      | Reached skill level 1 in Invocations
 12439 | D:8      | Noticed Grum
 12450 | D:8      | Reached skill level 5 in Spellcasting
 12453 | D:8      | Killed Grum
 12865 | D:8      | Reached **** piety under Cheibriados
 13551 | D:9      | Noticed a two-headed ogre
 13563 | D:9      | Killed a two-headed ogre
 13564 | D:9      | Reached XP level 11. HP: 75/75 MP: 12/19
 13924 | D:9      | Noticed Maggie
 13931 | D:9      | Killed Maggie
 14296 | D:10     | Entered Level 10 of the Dungeon
 14572 | D:10     | Reached skill level 5 in Ice Magic
 14589 | D:10     | Reached ***** piety under Cheibriados
 14594 | D:10     | Noticed a two-headed ogre
 14601 | D:10     | Killed a two-headed ogre
 14735 | D:10     | Found a staircase to the Orcish Mines.
 14831 | D:10     | Learned a level 5 spell: Irradiate
 14887 | D:10     | Noticed a boulder beetle
 14902 | D:10     | Noticed a fire crab
 14903 | D:10     | Noticed a fire dragon
 14923 | D:10     | Killed a fire dragon
 14934 | D:10     | Killed a fire crab
 14947 | D:10     | Reached skill level 5 in Invocations
 15356 | D:10     | Reached XP level 12. HP: 83/83 MP: 19/21
 15396 | D:10     | Killed a boulder beetle
 15937 | D:10     | Noticed a two-headed ogre
 16077 | D:10     | Noticed a five-headed hydra
 16086 | D:10     | Noticed a six-headed hydra
 16091 | D:10     | Killed a five-headed hydra
 16125 | D:10     | Killed a six-headed hydra
 16487 | D:10     | Noticed a two-headed ogre
 16495 | D:10     | Killed a two-headed ogre
 16809 | D:11     | Noticed a death yak
 16811 | D:11     | Noticed a death yak
 16812 | D:11     | Noticed a death yak
 16854 | D:10     | HP: 2/84 [efreet/bolt of fire (16)]
 17102 | D:10     | Killed a death yak
 17110 | D:10     | Killed a death yak
 17185 | D:10     | Killed a two-headed ogre
 17286 | D:11     | Noticed a boulder beetle
 17288 | D:11     | Reached XP level 13. HP: 53/90 MP: 16/24
 17485 | D:11     | Reached skill level 10 in Unarmed Combat
 17553 | D:11     | You are sucked into a shaft and drop 1 floor!
 17645 | D:11     | Found a staircase to the Lair.
 17816 | D:11     | Found a radiant altar of Vehumet.
 18048 | Lair:1   | Entered Level 1 of the Lair of Beasts
 18070 | Lair:1   | Reached skill level 10 in Dodging
 18074 | Lair:1   | Identified the +12 shortbow "Suxogg" {elec, +Blink rF+}
 19029 | Lair:2   | Reached ****** piety under Cheibriados
 19947 | Lair:3   | Identified the +2 robe of Serip {Slay+2}
 20073 | Lair:3   | Found a staircase to the Swamp.
 20123 | Lair:3   | Identified the +1 broad axe of Ythroysah {drain, *Noise
                  | Int+2 Dex+2}
 20135 | Lair:3   | Reached skill level 1 in Ranged Weapons
 20310 | Lair:3   | Found a staircase to the Snake Pit.
 20341 | Lair:3   | Reached skill level 10 in Fighting
 20575 | Lair:3   | Reached XP level 14. HP: 99/99 MP: 26/26
 21255 | Lair:4   | Identified the +1 pair of gloves of Retuteb {rF- rC++ rCorr
                  | SInv}
 21504 | Lair:4   | Noticed Kirke
 21536 | Lair:4   | Noticed a sphinx
 21537 | Lair:4   | Killed Kirke
 21757 | Lair:4   | Found the +8 orange crystal plate armour {Archmagi, Int+3
                  | Clar}
 21778 | Lair:4   | Found a runed translucent door.
 22318 | Lair:5   | Entered Level 5 of the Lair of Beasts
 22641 | Lair:5   | Found the +8 mithril axe "Arga" {speed, Will+}
 22648 | Lair:5   | Noticed Nessos
 22920 | Lair:5   | Found a viscous altar of Jiyva.
 22921 | Lair:5   | Found a staircase to the Slime Pits.
 23126 | Lair:5   | Learned a level 7 spell: Dragon Form
 23321 | Lair:5   | Reached skill level 10 in Transmutations
 23334 | Lair:5   | Reached skill level 1 in Conjurations
 23419 | Lair:5   | Noticed a dire elephant
 23431 | Lair:5   | Killed a dire elephant
 23511 | Lair:5   | Got Ihec's Parchment of Force
 23518 | Lair:5   | Got Lefat's Treatise on Trauma
 23895 | Lair:5   | Reached XP level 15. HP: 88/105 MP: 28/28
 24196 | Lair:5   | Killed Nessos
 24506 | D:12     | Noticed Snorg
 24514 | D:12     | Killed Snorg
 24762 | D:12     | Noticed Erolcha
 24768 | D:12     | Killed Erolcha
 25115 | D:12     | Noticed Fannar
 25125 | D:12     | Killed Fannar
 25448 | D:12     | Identified a scroll of acquirement
 25449 | D:12     | Acquired the Codex of Undead Adjuration
 26268 | D:13     | Found a gate to the Vaults.
 26568 | D:14     | Found a runed translucent gate.
 26568 | D:14     | Found a runed translucent gate.
 26568 | D:14     | Found a runed translucent gate.
 26955 | D:14     | Noticed Twinkles's ghost (journeyman DgCj)
 27132 | D:14     | Identified the +0 cloak "Mopiy" {rF- Int+9 Dex-2 SInv}
 27792 | D:14     | Killed Twinkles's ghost
 27793 | D:14     | Reached skill level 10 in Invocations
 28359 | D:4      | Killed Lexicon's ghost
 28703 | D:15     | Entered Level 15 of the Dungeon
 28797 | D:14     | Reached skill level 10 in Spellcasting
 29565 | D:15     | Reached XP level 16. HP: 111/113 MP: 25/30
 29623 | D:15     | Found a staircase to the Depths.
 29793 | Orc:1    | Entered Level 1 of the Orcish Mines
 30304 | Orc:2    | Entered Level 2 of the Orcish Mines
 30318 | Orc:2    | Found a staircase to the Elven Halls.
 30538 | Orc:2    | Found Aggungi's Antique Armour Emporium.
 31100 | Orc:2    | Noticed Rupert
 31109 | Orc:2    | Killed Rupert
 31404 | Orc:2    | Found Nimminao's General Store.
 31404 | Orc:2    | Found Pulaytay's Armour Shoppe.
 31405 | Orc:2    | Found Raataumu's Antique Armour Shoppe.
 31409 | Orc:2    | Found Byavaent's Antique Armour Emporium.
 31907 | Orc:2    | Bought a glimmering hat for 342 gold pieces
 31907 | Orc:2    | Identified the +3 hat of Tablid {Harm} (You bought it in a
                  | shop on level 2 of the Orcish Mines)
 32281 | Swamp:1  | Entered Level 1 of the Swamp
 32364 | Swamp:1  | Gained mutation: You are vulnerable to heat. (rF-)
                  | [mutagenic glow]
 33872 | Swamp:1  | HP: 1/136 [tyrant leech (10)]
 34410 | Swamp:2  | Noticed a fenstrider witch
 34418 | Swamp:2  | Killed a fenstrider witch
 34681 | Swamp:2  | Identified the +5 spear of Tenacity {heavy, rF++ rC++
                  | Int-5}
 35061 | Swamp:3  | Reached XP level 17. HP: 120/120 MP: 31/31
 35326 | Swamp:4  | Entered Level 4 of the Swamp
 35892 | Swamp:3  | Upgraded the game from 0.30-a0-1116-gebefce21f7 to
                  | 0.30-a0-1123-gabc949cf19
 36244 | Swamp:3  | Learned a level 5 spell: Freezing Cloud
 36570 | Swamp:4  | Noticed the 27-headed Lernaean hydra
 36842 | Swamp:4  | Reached skill level 10 in Stealth
 37025 | Swamp:4  | Killed the 26-headed Lernaean hydra
 37081 | Swamp:4  | Got a decaying rune of Zot
 37379 | Snake:1  | Entered Level 1 of the Snake Pit
 38380 | Snake:2  | Found Bigu's Armour Boutique.
 38384 | Snake:2  | Found Vegoug's Antique Armour Boutique.
 38928 | Snake:2  | Reached XP level 18. HP: 128/128 MP: 29/33
 39387 | Snake:2  | Found Atrapug's Distillery.
 39391 | Snake:2  | Bought a potion of heal wounds for 80 gold pieces
 39391 | Snake:2  | Bought a potion of heal wounds for 80 gold pieces
 39391 | Snake:2  | Bought a potion of magic for 128 gold pieces
 39391 | Snake:2  | Bought a potion of curing for 48 gold pieces
 39391 | Snake:2  | Bought a potion of might for 64 gold pieces
 39391 | Snake:2  | Bought a potion of might for 64 gold pieces
 39713 | Snake:3  | Found Laxasee's General Store.
 39727 | Snake:3  | Bought a scroll of blinking for 97 gold pieces
 39860 | Snake:3  | Noticed Aizul
 39867 | Snake:3  | Killed Aizul
 39928 | Snake:3  | Noticed Nohucul's ghost (adept MiBe)
 40081 | Snake:3  | Found a runed translucent gate.
 40081 | Snake:3  | Found a runed translucent gate.
 40081 | Snake:3  | Found a runed translucent gate.
 41449 | Snake:3  | Killed Nohucul's ghost
 41701 | Snake:3  | Identified the +2 falchion "Earthworm" {spect, Stlth+}
 42090 | Snake:4  | Entered Level 4 of the Snake Pit
 42090 | Snake:4  | Noticed Vashnia
 42293 | Snake:4  | Gained mutation: You are very vulnerable to heat. (rF--)
                  | [mutagenic glow]
 42731 | Snake:4  | Identified Roxanne's Vellum of the Volcano
 42731 | Snake:4  | Noticed Roxanne
 42786 | Snake:4  | Noticed Louise
 42827 | Snake:4  | Killed Roxanne
 42858 | Snake:4  | Learned a level 6 spell: Statue Form
 42893 | Snake:4  | Found a shimmering altar of Xom.
 43034 | Snake:4  | Killed Vashnia
 43166 | Snake:4  | Reached skill level 1 in Earth Magic
 43166 | Snake:4  | Reached XP level 19. HP: 136/136 MP: 30/35
 43944 | Snake:4  | Found a runed translucent gate.
 43944 | Snake:4  | Found a runed translucent gate.
 43944 | Snake:4  | Found a runed translucent gate.
 43945 | Snake:4  | Noticed Woigomae's ghost (adept OpVM)
 44827 | Snake:4  | Killed Woigomae's ghost
 44931 | Snake:4  | Got a serpentine rune of Zot
 45332 | Abyss:2  | Cast into level 2 of the Abyss (Louise)
 45508 | Snake:4  | Escaped the Abyss
 45512 | Snake:4  | Killed Louise
 45718 | Vaults:1 | Entered Level 1 of the Vaults
 45915 | Vaults:1 | Found Toefoa's Antique Weapon Boutique.
 45958 | Vaults:1 | Reached skill level 1 in Shields
 46304 | Vaults:1 | You fall into a shaft and drop 1 floor!
 46304 | Vaults:2 | Noticed Xtahua
 46315 | Vaults:2 | Killed Xtahua
 48227 | Vaults:2 | Noticed Nikola
 48238 | Vaults:2 | Killed Nikola
 48242 | Vaults:2 | Reached skill level 15 in Fighting
 48261 | Vaults:2 | Reached XP level 20. HP: 145/145 MP: 36/36
 48818 | Orc:2    | Bought the +2 shield of Resistance {rF++ rC++ Will++} for
                  | 2538 gold pieces
 48818 | Orc:2    | Found the +2 shield of Resistance {rF++ rC++ Will++}
 50408 | Vaults:3 | Found a staircase to the Crypt.
 50924 | Vaults:3 | Reached skill level 5 in Earth Magic
 51061 | Vaults:3 | Got Sif Muna's Quarto of the Unclean Pyromaniac
 51230 | Vaults:3 | Reached skill level 15 in Unarmed Combat
 51859 | Vaults:4 | Found a crumbling gateway.
 51878 | Desolati | Entered the Desolation of Salt
 51951 | Desolati | Reached skill level 15 in Dodging
 52017 | Desolati | Identified the amulet of Lunyghoint {RegenMP rF+ Str+5
                  | Dex+4}
 52029 | Desolati | Identified the +9 hand axe "Ammev" {flame, Str+3}
 52069 | Desolati | Reached skill level 5 in Shields
 52284 | Desolati | Got Jocs's Secrets of Abhorrent Ceremonies
 52368 | Desolati | Found the +3 salamander hide armour {Flames, rFlCloud rF++
                  | rC--}
 52377 | Desolati | Identified the +7 plate armour of Zauqatum {Regen+}
 52389 | Desolati | Got the Encyclopedia of the Icy Crater
 52393 | Desolati | Got Lokhliu's Spellbook of the Stony Map
 52415 | Desolati | Identified the +8 halberd of Law {drain, rC+ rN+}
 52423 | Desolati | Learned a level 4 spell: Manifold Assault
 52427 | Desolati | Identified the +1 flail "Sagoimal" {antimagic, +Blink Will-
                  | Int-4 SInv}
 52546 | Desolati | Reached XP level 21. HP: 153/153 MP: 38/38
 52549 | Desolati | Reached skill level 1 in Translocations
 53751 | Lair:1   | Lost mutation: You are very vulnerable to heat. (rF--)
                  | [potion of mutation]
 53751 | Lair:1   | Lost mutation: You are vulnerable to heat. (rF-) [potion of
                  | mutation]
 53751 | Lair:1   | Gained mutation: You are somewhat resistant to further
                  | mutation. [potion of mutation]
 53751 | Lair:1   | Gained mutation: Your flesh is cold resistant. (rC+)
                  | [potion of mutation]
 55203 | Elf:1    | Entered Level 1 of the Elven Halls
 55571 | Elf:1    | Reached skill level 15 in Transmutations
 55824 | Elf:1    | Found Nufont's Jewellery Shop.
 56013 | Elf:1    | Noticed Agnes
 56020 | Elf:1    | Killed Agnes
 56671 | Elf:2    | Reached XP level 22. HP: 163/163 MP: 18/40
 56826 | Elf:2    | Found a runed translucent gate.
 56828 | Elf:2    | Found a runed translucent gate.
 56828 | Elf:2    | Found a runed translucent gate.
 57130 | Elf:2    | Reached skill level 5 in Translocations
 57559 | Elf:3    | Entered Level 3 of the Elven Halls
 57677 | Elf:3    | Found Torab's Antique Armour Shoppe.
 57677 | Elf:3    | Found Xiliec's Book Emporium.
 57679 | Elf:3    | Found Piyrghase's Magic Scroll Emporium.
 57687 | Elf:3    | Bought a scroll of blinking for 105 gold pieces
 57687 | Elf:3    | Found Qasun's Magic Scroll Shoppe.
 57690 | Elf:3    | Bought an Inescapable Atlas for 384 gold pieces
 57704 | Elf:3    | Learned a level 7 spell: Storm Form
 58026 | Elf:3    | Reached skill level 1 in Necromancy
 58028 | Elf:3    | Reached skill level 1 in Air Magic
 58523 | Elf:3    | Identified the staff of air "Qicw" {rElec rF+ Str-3 SInv}
 60041 | Elf:3    | Identified the staff of poison "Fanlapt" {rPois Int+8}
 60057 | Elf:3    | Found the +5 Storm Queen's Shield {shock, Fly rElec}
 60071 | Elf:3    | Got Lobus's Quarto of Skeletons
 60090 | Elf:3    | Learned a level 8 spell: Necromutation
 60500 | Depths:1 | Entered Level 1 of the Depths
 60780 | Depths:1 | Found a gateway to Hell.
 60969 | Depths:1 | Reached XP level 23. HP: 171/171 MP: 41/41
 61567 | Depths:2 | Found a one-way gateway to a ziggurat.
 61572 | Depths:2 | Paralysed by a floating eye for 2 turns
 61577 | Depths:2 | Paralysed by a floating eye for 2 turns
 61581 | Depths:2 | Paralysed by a floating eye for 3 turns
 61585 | Depths:2 | Paralysed by a floating eye for 2 turns
 61587 | Depths:2 | Paralysed by a floating eye for 3 turns
 61589 | Depths:2 | Paralysed by a floating eye for 2 turns
 61701 | Depths:2 | Found a one-way gate leading to the halls of Pandemonium.
 62470 | Depths:3 | Noticed a golden dragon
 62479 | Depths:3 | Killed a golden dragon
 62488 | Depths:3 | Noticed a juggernaut
 62494 | Depths:3 | Noticed a golden dragon
 62496 | Depths:3 | Killed a juggernaut
 62500 | Depths:3 | Killed a golden dragon
 62589 | Depths:3 | Found Ifefabet's Weapon Shop.
 62749 | Depths:3 | Identified the +12 spear of Lies {protect, *Noise +Blink
                  | rElec rC-}
 62919 | Depths:3 | Found a one-way gate to the infinite horrors of the Abyss.
 62979 | Depths:3 | Reached skill level 15 in Invocations
 62983 | Depths:3 | Reached skill level 5 in Necromancy
 63369 | Depths:3 | Found Giodufic's Weapon Emporium.
 63391 | Depths:4 | Entered Level 4 of the Depths
 63548 | Depths:4 | Found a runed translucent door.
 63859 | Depths:4 | Reached skill level 15 in Spellcasting
 63900 | Depths:4 | Reached XP level 24. HP: 179/179 MP: 41/42
 63901 | Depths:4 | Found a gate to the Realm of Zot.
 64519 | Depths:4 | Reached skill level 10 in Shields
 64945 | Vaults:5 | Entered Level 5 of the Vaults
 65496 | Vaults:5 | Identified the ring of Dishonour {rElec MP+9}
 66529 | Vaults:5 | Identified the +8 hand axe "Leepageu" {venom, Drain rElec
                  | rPois rF+}
 66537 | Vaults:5 | Identified the +7 short sword of Tamud {antimagic, rF- rN+
                  | Str+4}
 66544 | Vaults:5 | Reached XP level 25. HP: 186/186 MP: 42/42
 67161 | Vaults:5 | Identified the +1 cloak of Hedonism {rCorr Str+2 Dex-2
                  | Slay+6}
 67283 | Vaults:5 | Got a silver rune of Zot
 68245 | Slime:1  | Entered Level 1 of the Pits of Slime
 69966 | Slime:4  | Gained mutation: You are dopey. (Int -2) [a shining eye]
 69968 | Slime:4  | Gained mutation: Your body sometimes deteriorates upon
                  | taking damage. [a shining eye]
 70119 | Slime:5  | Entered Level 5 of the Pits of Slime
 70249 | Slime:5  | Found a viscous altar of Jiyva.
 70251 | Slime:5  | Noticed the Royal Jelly
 71575 | Slime:4  | Lost mutation: Your body sometimes deteriorates upon taking
                  | damage. [potion of mutation]
 71575 | Slime:4  | Lost mutation: You are dopey. (Int -2) [potion of mutation]
 71575 | Slime:4  | Gained mutation: You occasionally lose the ability to drink
                  | potions when taking damage. [potion of mutation]
 71576 | Slime:4  | Lost mutation: You occasionally lose the ability to drink
                  | potions when taking damage. [potion of mutation]
 71576 | Slime:4  | Lost mutation: Your flesh is cold resistant. (rC+) [potion
                  | of mutation]
 71576 | Slime:4  | Lost mutation: You are somewhat resistant to further
                  | mutation. [potion of mutation]
 71576 | Slime:4  | Gained mutation: You are resistant to electric shocks.
                  | (rElec) [potion of mutation]
 71576 | Slime:4  | Gained mutation: Your muscles are strong. (Str +4, Int/Dex
                  | -1) [potion of mutation]
 71935 | Slime:5  | Killed the Royal Jelly
 72238 | Slime:5  | Identified the +10 trident of Suon {flame, rCorr}
 72262 | Slime:5  | Got the Thoughts on Turbulence
 72275 | Slime:5  | Got a slimy rune of Zot
 72308 | Slime:5  | Identified the +1 morningstar of Disarray {heavy, rF++ rC+}
 72661 | Slime:4  | Gained mutation: Your magical capacity is low. (-10% MP) [a
                  | shining eye]
 72662 | Slime:4  | Gained mutation: You are frail. (-10% HP) [a shining eye]
 73416 | Zot:1    | Entered Level 1 of the Realm of Zot
 73700 | Zot:1    | Reached XP level 26. HP: 163/174 MP: 38/38
 74149 | Zot:2    | Noticed a Killer Klown
 74157 | Zot:2    | Killed a Killer Klown
 74917 | Zot:2    | Identified the +5 plate armour of the Blue Moon {rPois MP+9
                  | Int+6}
 75370 | Zot:3    | Noticed an orb of fire
 75373 | Zot:3    | Gained mutation: You are clumsy. (Dex -2) [an orb of fire]
 75374 | Zot:3    | Killed an orb of fire
 75392 | Zot:3    | Reached skill level 5 in Air Magic
 75836 | Zot:3    | Found a transporter.
 75909 | Zot:3    | Noticed a Killer Klown
 75988 | Zot:3    | Found a transporter.
 76457 | Zot:3    | Killed a Killer Klown
 77822 | Zot:5    | Entered Level 5 of the Realm of Zot
 77893 | Zot:5    | Reached XP level 27. HP: 180/180 MP: 39/39
 78436 | Zot:5    | Noticed an orb of fire
 78438 | Zot:5    | Killed an orb of fire
 78494 | Zot:5    | Noticed an orb of fire
 78496 | Zot:5    | Gained mutation: Your spells are a little harder to cast,
                  | but a little more powerful. [an orb of fire]
 78498 | Zot:5    | Gained mutation: Your body sometimes deteriorates upon
                  | taking damage. [an orb of fire]
 78499 | Zot:5    | Lost mutation: You are clumsy. (Dex -2) [an orb of fire]
 78500 | Zot:5    | Killed an orb of fire
 78599 | Zot:5    | Noticed an orb of fire
 78603 | Zot:5    | Killed an orb of fire
 78652 | Zot:5    | Noticed an orb of fire
 78655 | Zot:5    | Gained mutation: You occasionally shout uncontrollably at
                  | your foes. [an orb of fire]
 78656 | Zot:5    | Killed an orb of fire
 78818 | Zot:5    | Noticed a dread lich
 78820 | Zot:5    | Killed a dread lich
 79081 | Zot:5    | Noticed an orb of fire
 79085 | Zot:5    | Killed an orb of fire
 79124 | Zot:5    | Noticed an orb of fire
 79128 | Zot:5    | Killed an orb of fire
 79197 | Zot:5    | Noticed an orb of fire
 79201 | Zot:5    | Killed an orb of fire
 79335 | Zot:5    | Noticed a dread lich
 79339 | Zot:5    | Killed a dread lich
 79348 | Zot:5    | Noticed an orb of fire
 79351 | Zot:5    | Killed an orb of fire
 79355 | Zot:5    | Noticed an orb of fire
 79363 | Zot:5    | Killed an orb of fire
 79364 | Zot:5    | Noticed an orb of fire
 79366 | Zot:5    | Killed an orb of fire
 79694 | Depths:3 | Voluntarily entered the Abyss.
 79722 | Abyss:3  | Lost mutation: Your spells are a little harder to cast, but
                  | a little more powerful. [potion of mutation]
 79722 | Abyss:3  | Lost mutation: Your muscles are strong. (Str +4, Int/Dex
                  | -1) [potion of mutation]
 79722 | Abyss:3  | Gained mutation: You have a pair of small antennae on your
                  | head. [potion of mutation]
 79865 | Abyss:3  | Got an abyssal rune of Zot
 79875 | Depths:3 | Escaped the Abyss
 79956 | Depths:3 | Lost mutation: You are resistant to electric shocks.
                  | (rElec) [potion of mutation]
 79956 | Depths:3 | Lost mutation: You are frail. (-10% HP) [potion of
                  | mutation]
 79956 | Depths:3 | Gained mutation: You occasionally lose the ability to read
                  | scrolls when taking damage. [potion of mutation]
 79956 | Depths:3 | Gained mutation: Your flesh is cold resistant. (rC+)
                  | [potion of mutation]
 79957 | Depths:3 | Lost mutation: Your magical capacity is low. (-10% MP)
                  | [potion of mutation]
 79957 | Depths:3 | Lost mutation: Your body sometimes deteriorates upon taking
                  | damage. [potion of mutation]
 79957 | Depths:3 | Gained mutation: Your mind is acute. (Int +4, Str/Dex -1)
                  | [potion of mutation]
 79957 | Depths:3 | Gained mutation: You are partially covered in iridescent
                  | scales. (AC +2) [potion of mutation]
 79958 | Depths:3 | Lost mutation: You occasionally shout uncontrollably at
                  | your foes. [potion of mutation]
 79958 | Depths:3 | Lost mutation: You are partially covered in iridescent
                  | scales. (AC +2) [potion of mutation]
 79958 | Depths:3 | Lost mutation: Your flesh is cold resistant. (rC+) [potion
                  | of mutation]
 79958 | Depths:3 | Gained mutation: You expend magic power (3 MP) to
                  | strengthen your wands. [potion of mutation]
 79958 | Depths:3 | Gained mutation: Your mind is very acute. (Int +8, Str/Dex
                  | -2) [potion of mutation]
 79958 | Depths:3 | Gained mutation: Your magical capacity is low. (-10% MP)
                  | [potion of mutation]
 80146 | Zot:5    | Got the Orb of Zot
 80586 | D:9      | Noticed Xuemug the pandemonium lord
 80596 | D:9      | HP: 6/266 [disintegration (38)]
 80601 | D:9      | Killed Xuemug the pandemonium lord
 80817 | D:1      | Noticed Sinegh the pandemonium lord
 80817 | D:1      | Noticed an ancient lich
 80822 | D:1      | Killed Sinegh the pandemonium lord
 80825 | D:1      | Killed an ancient lich
 80846 | D:$      | Escaped with the Orb!

Illustrated notes

Levels and vault maps discovered:
D:1:      dpeg_arrival_lava_temple_mockup, layout_basic, patterned_corridor
D:2:      layout_basic, serial_shops, shop
D:3:      layout_basic, mainiacjoe_overflow_catwalk,
          nicolae_wu_jian_immortal_techniques, nicolae_ecumenical_pavilion,
          kennysheep_generic_room_13
D:4:      layout_loops_ring, nicolae_ashenzari_skybound, bloody_trog,
          minmay_temple_entry_grid, ebering_ghost_sewer_f, uniq_ijyb, uniq_robin
D:5:      nicolae_cairo_tiling_very_big, layout_loops_corners,
          chei_slow_surprise, uniq_sigmund
D:6:      layout_basic, kennysheep_little_box, mainiacjoe_overflow_chevrons,
          lemuel_round_altar, enter_ossuary_5
D:7:      layout_layer_cave, okawaru_gym_becter, fedhas_altar_4,
          mainiacjoe_overflow_big_doors, enter_bailey_3,
          dreamdust_gnoll_shepherd
D:8:      layout_cave_pods, uniq_grum, uniq_erica
D:9:      layout_big_octagon, uniq_maggie
D:10:     nzn_winding_woodlands_large [nzn_winding_woodlands_5x5_perimeter,
          nzn_winding_woodlands_5x15_sawtooth, nzn_winding_woodlands_5x5_cross,
          nzn_winding_woodlands_center_garden,
          nzn_winding_woodlands_15x15_killbox,
          nzn_winding_woodlands_center_pierced_h,
          nzn_winding_woodlands_5x5_checkerboard,
          nzn_winding_woodlands_5x15_cabin,
          nzn_winding_woodlands_5x5_closed_star], layout_basic
D:11:     layout_basic, dpeg_lair_monsters, fiery_altar_vehumet
D:12:     layout_long_grid, gauntlet_entry_generic, kennysheep_donut,
          uniq_erolcha, uniq_fannar, uniq_snorg
D:13:     layout_irregular_city, david_vaults_1
D:14:     layout_basic, nicolae_titane, gammafunk_ghost_necromancy,
          kennysheep_generic_room_12
D:15:     grunt_enter_depths_snipers, layout_gridville, small_statue_alley_a
Temple:   nicolae_temple_ecumenical_triangle
Lair:1:   layout_cave_shapes, fungi_pond_lemuel, grunt_megastairs_5,
          infiniplex_staircase_pool_2
Lair:2:   layout_roguey
Lair:3:   layout_roguey, minmay_swamp_entry_swarm,
          minmay_snake_entry_guardpost_medium
Lair:4:   gammafunk_lair_enchanted_lake, layout_misc_corridors, uniq_kirke
Lair:5:   grunt_lair_end_beastmaster, layout_concentric_octagons, slime_entry_1,
          worms_lemuel, uniq_nessos
Swamp:1:  layout_basic_swamp, hangedman_swamp_blocks
Swamp:2:  layout_falls_marsh, hangedman_swamp_ruin_wall
Swamp:3:  layout_falls_marsh, evilmike_swamp_ruin_house_5
Swamp:4:  grunt_swamp_rune_castle, layout_basic_swamp,
          nicolae_swamp_triple_paths
Snake:1:  layout_misc_corridors
Snake:2:  hangedman_cross_stitches, layout_gridlike, serial_shops,
          nicolae_shop_back_alley_shop, nicolae_wooded_promenade, st_stairs_4,
          lemuel_fruit_tree, serial_bayou_shore_b
Snake:3:  layout_basic, gammafunk_ghost_split, serial_shops, shop,
          serial_bayou_shore_a, uniq_aizul
Snake:4:  hellmonk_snake_rune_quicksilver_temple, layout_chambers,
          ebering_ghost_rock_garden, basic_altar,
          nicolae_snake_gridmaze_entwining, uniq_roxanne, uniq_vashnia,
          uniq_louise
Slime:1:  layout_caves
Slime:2:  layout_caves
Slime:3:  layout_caves, nicolae_slime_barrier
Slime:4:  layout_caves
Slime:5
Orc:1:    layout_diamond_mine
Orc:2:    st_orc_mages, layout_diamond_mine, serial_shops,
          nicolae_shop_tiny_real_fake_doors, nicolae_orc_lava_tube,
          mines2_lemuel, uniq_rupert
Elf:1:    eino_elf_arrival_the_gate, layout_loops_corners, serial_shops, shop,
          serial_aquarium, aquarium_bridge_long_joined
          [aquarium_subvault_bridge, aquarium_subvault_bridge,
          aquarium_subvault_bridge, aquarium_subvault_bridge,
          aquarium_subvault_bridge, aquarium_subvault_window],
          aquarium_window_corridor_1, aquarium_window_corner, aquarium_window_1,
          aquarium_window_corner, aquarium_view_2e, aquarium_balcony_5a,
          aquarium_pool_split, grunt_ministairs_4, st_stairs_13, uniq_agnes
Elf:2:    elven_hall_of_blades_hangedman_original [nicolae_blade_tridents],
          layout_rooms, serial_glass, glass_columns_b, glass_columns_a,
          glass_columns_c, glass_columns_b, glass_columns_a, glass_columns_a,
          glass_columns_b, glass_columns_a
Elf:3:    minmay_elf_hall_x, layout_geoelf_octagon, hangedman_elven_ridges,
          minmay_shoptagon
Vaults:1: vaults_room_pool, nicolae_vaults_network_barrier,
          hangedman_vaults_impose, v_misc_11, vaults_mumra_lcd, v_misc_16,
          vaults_mumra_hexcomb, nicolae_vaults_shelves_hall,
          layout_vaults_chaotic_city, serial_shops, nicolae_diamond_shop
Vaults:2: v_alt_pattern_4, v_misc_1, hangedman_vaults_nodes,
          ontoclasm_vaults_tryst, nicolae_vaults_little_squares_2, v_misc_33,
          v_pattern_4, vaults_room_stairs_pillars, vaults_room_door_ring,
          vaults_room_fours, layout_vaults_omnigrid, uniq_nikola, uniq_xtahua
Vaults:3: nicolae_vaults_arrows, vaults_room_stairs_pillars,
          ontoclasm_vaults_pinch, v_misc_22, hangedman_vaults_impose, v_misc_33,
          v_misc_24, v_alt_pattern_4, nicolae_vaults_little_squares_1,
          dpeg_vaults_monster_row, vaults_standard_mumra_x, vaults_room_pool,
          ontoclasm_vaults_twist, layout_vaults_omnicross, serial_shops
Vaults:4: portal_desolation_entry_nicolae_slug, nicolae_vaults_little_ls,
          v_misc_9, grunt_vaults_swirl, vaults_room_hallway, v_misc_14,
          nicolae_vaults_triangles, v_pattern_3, v_misc_23, v_rooms_1,
          nicolae_vaults_specimen_jars, vaults_dpeg_hooks, v_misc_14,
          dpeg_vaults_monster_box, layout_vaults_ring
Vaults:5: serial_shops
Depths:1: layout_gridville, hangedman_geh_valley, minmay_crystal_room,
          grunt_ministairs_3, hangedman_decor_lopped, kennysheep_generic_room_14
Depths:2: kennysheep_six_static_rooms, layout_honeycomb, enter_ziggurat_d,
          hell_entry, rand_demon_pan_entry_3, minmay_staircase_statues
Depths:3: minmay_mutant_horseshoe, layout_cave_pools,
          nicolae_abyss_entry_one_way_or_another, serial_shops,
          nicolae_shop_tiny_real_fake_doors, shop, hangedman_coc_ice_floe,
          serial_bayou_pond_d, kennysheep_cross_room
Depths:4: evilmike_zot_entry_argh, layout_gridlike, hell_entry,
          grunt_decor_mini_mirrors, minmay_acid_items, serial_bayou_shore_b
Zot:1:    kennysheep_spiral_hall, layout_twisted_circle
Zot:2:    layout_onion, skrybe_zot_glass_1, grunt_megastairs_1
Zot:3:    gammafunk_sealed_arena, layout_onion, grunt_megastairs_3
Zot:4:    layout_concentric_octagons
Zot:5:    layout_cathedral_of_symmetry

Skill      XL: |  1  2  3  4  5  6  7  8  9 10 11 12 13 14 15 16 17 18 19 20 21 22 23 24 25 26 27 |
---------------+----------------------------------------------------------------------------------+-----
Stealth        | 1 2 3 5 6 8 10 12 13 14 | 14.0
Fighting       | 2 3 4 5 6 7 8 9 10 11 12 13 14 15 16 17 18 19 20 21 | 21.1
Dodging        | 3 4 5 6 7 8 9 10 11 12 13 14 15 16 17 18 19 20 21 | 21.8
Unarmed Combat | 4 5 6 7 8 9 10 11 12 13 14 15 16 17 18 19 | 19.9
Transmutations | 3 4 5 7 8 9 10 11 12 13 14 15 16 17 18 19 | 19.3
Spellcasting   | 3 4 5 6 7 8 9 10 11 12 13 14 15 16 17 | 17.9
Ice Magic      | 3 4 5 6 7 8 |  8.0
Invocations    | 3 5 6 8 9 10 11 12 13 14 15 16 | 16.0
Ranged Weapons | 2 4 |  4.5
Conjurations   | 1 2 |  2.0
Earth Magic    | 1 3 5 6 7 8 |  8.0
Shields        | 3 5 7 8 9 10 12 13 14 | 14.0
Translocations | 4 5 7 |  7.0
Necromancy     | 3 5 |  5.0
Air Magic      | 3 6 8 |  8.0

Action                     |  1- 3 |  4- 6 |  7- 9 | 10-12 | 13-15 | 16-18 | 19-21 | 22-24 | 25-27 || total
---------------------------+-------+-------+-------+-------+-------+-------+-------+-------+-------++-------
  Melee: Unarmed           |    55 |   140 |   239 |   403 |   722 |   660 |   605 |   696 |   857 ||  4377
         Tentacles         |    18 |    34 |    55 |     2 |       |     5 |   109 |   116 |    90 ||   429
         Kick              |    16 |    43 |    86 |       |       |       |       |       |       ||   145
         Constrict         |    15 |    33 |    52 |     1 |       |       |    94 |    52 |    48 ||   295
         Hand axe          |       |     6 |       |       |       |       |       |       |       ||     6
         Punch             |       |     4 |    14 |     1 |       |    43 |    77 |    61 |    76 ||   276
         Bite              |       |       |       |       |     1 |    70 |     8 |     3 |       ||    82
         Tailslap          |       |       |       |       |       |    76 |     6 |     2 |     1 ||    85
   Fire: Arbalest          |       |       |   111 |     6 |     2 |       |       |       |       ||   119
         Shortbow          |       |       |       |       |   200 |   182 |       |       |       ||   382
         Triple crossbow   |       |       |       |       |       |     8 |       |       |       ||     8
         Sling             |       |       |       |       |       |       |     4 |       |       ||     4
  Throw: Stone             |     4 |    14 |     1 |       |       |       |       |       |       ||    19
         Dart              |       |       |     5 |       |       |       |       |       |       ||     5
         Boomerang         |       |       |       |     5 |       |       |       |       |       ||     5
   Cast: Beastly Appendage |    25 |    33 |    40 |     5 |       |       |       |       |       ||   103
         Wereblood         |     6 |    33 |    34 |    36 |    47 |    60 |    43 |    21 |    27 ||   307
         Ice Form          |       |       |       |    50 |    89 |    26 |       |       |       ||   165
         Irradiate         |       |       |       |       |     1 |     1 |    14 |     2 |    11 ||    29
         Dragon Form       |       |       |       |       |     2 |    71 |    14 |     3 |    20 ||   110
         Freezing Cloud    |       |       |       |       |       |     5 |       |       |       ||     5
         Statue Form       |       |       |       |       |       |     5 |    94 |    96 |   104 ||   299
         Manifold Assault  |       |       |       |       |       |       |    59 |   216 |   276 ||   551
         Storm Form        |       |       |       |       |       |       |       |     1 |    12 ||    13
 Invoke: Bend Time         |       |       |       |     2 |       |     2 |       |       |       ||     4
         Slouch            |       |       |       |     2 |     1 |     8 |    12 |    10 |    19 ||    52
         Step From Time    |       |       |       |     1 |       |       |       |       |     3 ||     4
Ability: End Transformatio |       |       |       |     2 |    20 |    12 |     1 |       |       ||    35
         Breathe Fire      |       |       |       |       |       |     1 |       |       |       ||     1
         Blinkbolt         |       |       |       |       |       |       |       |       |     2 ||     2
  Evoke: Wand              |       |       |       |    18 |     2 |    17 |    24 |     1 |     2 ||    64
    Use: Scroll            |     1 |     5 |    13 |     2 |    13 |     9 |     5 |     1 |     4 ||    53
         Potion            |       |     3 |       |     4 |       |     2 |     1 |     1 |    11 ||    22
   Stab: Sleeping          |     4 |     3 |    10 |     2 |     3 |     2 |     2 |     2 |     1 ||    29
         Distracted        |       |     1 |       |       |       |     1 |     3 |     3 |     2 ||    10
         Confused          |       |       |       |       |       |     1 |       |       |       ||     1
         Petrified         |       |       |       |       |       |       |       |       |     3 ||     3
 Armour: Skin              |     4 |    32 |    42 |   170 |   236 |   325 |   221 |   216 |   253 ||  1499
  Dodge: Dodged            |    34 |    77 |   164 |   457 |   841 |  1066 |   976 |  1075 |  1472 ||  6162
  Block: Other             |       |       |       |    67 |   160 |   237 |    23 |       |       ||   487
         Reflection        |       |       |       |     8 |     7 |    26 |    30 |       |       ||    71
         Buckler           |       |       |       |       |       |       |   427 |       |       ||   427
         Kite shield       |       |       |       |       |       |       |   112 |   649 |   743 ||  1504

Table legend: (Time is in decaauts)
 A = Elapsed time spent in this place.
 B = Non-inter-level travel time spent in this place.
 C = Inter-level travel time spent in this place.
 D = Time resting spent in this place.
 E = Time spent auto-exploring this place.
 F = Levels seen in this place.
 G = Mean time per level.
                   A        B        C        D        E       F      G
               +--------+--------+--------+--------+--------+-----+--------+
         Total | 128151 | 106951 |  21200 |  16223 |  68698 |  59 | 2172.1 |
       Dungeon |  33186 |  26181 |   7005 |   4437 |  17232 |  15 | 2212.4 |
        Temple |     39 |     30 |      9 |      0 |     25 |   1 |   39.0 |
          Lair |  13568 |  10752 |   2816 |   2570 |   5871 |   5 | 2713.6 |
         Swamp |   6615 |   5988 |    627 |   1329 |   3199 |   4 | 1653.8 |
     Snake Pit |  11152 |   9922 |   1230 |   1112 |   6680 |   4 | 2788.0 |
    Slime Pits |   7695 |   6960 |    735 |   1788 |   4135 |   5 | 1539.0 |
  Orcish Mines |   4052 |   3143 |    909 |    342 |   2170 |   2 | 2026.0 |
   Elven Halls |   8592 |   7508 |   1084 |    674 |   5472 |   3 | 2864.0 |
        Vaults |  18633 |  14820 |   3813 |   1654 |  10286 |   5 | 3726.6 |
        Depths |   8939 |   7669 |   1270 |    400 |   5793 |   4 | 2234.8 |
           Zot |  11631 |   9934 |   1697 |   1314 |   6493 |   5 | 2326.2 |
         Abyss |    783 |    783 |      0 |      0 |      4 |   3 |  261.0 |
       Ossuary |    413 |    413 |      0 |     34 |    199 |   1 |  413.0 |
        Bailey |   1010 |   1010 |      0 |    315 |    234 |   1 | 1010.0 |
    Desolation |   1836 |   1836 |      0 |    250 |    900 |   1 | 1836.0 |
               +--------+--------+--------+--------+--------+-----+--------+

Top non-repeatable levels by time:
Vaults:2: 4623 daAuts
    D:10: 4492 daAuts
 Snake:4: 4481 daAuts
  Lair:1: 4161 daAuts
Vaults:1: 3940 daAuts
Vaults:3: 3578 daAuts
   Elf:3: 3441 daAuts
Vaults:5: 3419 daAuts
   Zot:5: 3174 daAuts
Vaults:4: 3071 daAuts
  Lair:3: 3000 daAuts
    D:14: 2970 daAuts
   Elf:1: 2826 daAuts
 Snake:3: 2818 daAuts
  Lair:5: 2733 daAuts
